cohdb
Replays
Latest Replays
All Replays
Popular Replays
Top Player Replays
Match Explorer
How It Works
Community
CoH3 Stats
Reddit
Sign in to upload your games and track your stats! →
Sign in with Steam
Match 45579369
Unlisted
Match 45579369
Overview
Messages
Build Orders
End
Royal Engineer Section
Construct Section Command Post
Infantry Section
Infantry Section
Grenade Package
Construct Platoon Command Post
Infantry Section
Royal Engineer Section
Construct Company Command Post
Selects Heavy Armor Battlegroup
Selects Light Vehicle Withdraw and Refit
Selects Radio Net
Unlock M3 Grant Medium Tanks
Foot Guards Section
Selects Rigorous Vehicle Training
M3 Grant Medium Tank
Selects Recon Artillery
M3 Grant Medium Tank
Recon Artillery
M3 Grant Medium Tank
M3 Grant Medium Tank
Selects Forward Repair Assembly
Armored Vehicle Training
Recon Artillery
Foot Guards Section
M3 Grant Medium Tank
Recon Artillery
Selects Churchill Black Prince Heavy Tank
Churchill Black Prince Heavy Tank
Recon Artillery
Kovalian
JDASCWQAD
風吹草枝襬
jing
XuZhongwei
Nick_The_Great
Crippling Depression (>'-')>
Leofreeman
0
0
Comments
sign in to comment!
No comments posted yet!